 Dungeon Crawl Stone Soup version 0.27-a0-1200-g94dc6ad4cf (webtiles) character file.

Game seed: 8379584959059490555

42 Shayle the Skirmisher (level 3, -6/39 HPs)
             Began as an Ogre Warper on May 31, 2021.
             Mangled by Sigmund
             ... wielding a +0 scythe
              (11 damage)
             ... on level 2 of the Dungeon.
             The game lasted 00:03:08 (1265 turns).

Shayle the Skirmisher (Ogre Warper)                 Turns: 1265, Time: 00:03:09

Health: -6/39      AC:  3    Str: 13 (15) XL:     3   Next: 54%
Magic:  6/6        EV:  9    Int: 13 (15) God:
Gold:   41         SH:  0    Dex:  7 (8)  Spells: 6/6 levels left

rFire    . . .     SeeInvis .   g - +1 rapier (venom)
rCold    . . .     Faith    .   (no shield)
rNeg     . . .     Spirit   .   b - +0 robe
rPois    .         Reflect  .   (helmet restricted)
rElec    .         Harm     .   (no cloak)
rCorr    .         Rampage  .   (gloves unavailable)
Will     .....                  (boots unavailable)
Stlth    +.........             (no amulet)
HPRegen  0.13/turn              (no ring)
MPRegen  0.10/turn              (no ring)

@: confused, brilliant
A: large, unfitting armour, tough skin 1
a: no special abilities


You were on level 2 of the Dungeon.
You visited 1 branch of the dungeon, and saw 2 of its levels.

You collected 41 gold pieces.

Inventory:

Hand Weapons
 a - a +0 mace
 g - a +1 rapier of venom (weapon)
Missiles
 e - 5 boomerangs of dispersal (quivered)
 k - 6 boomerangs
 l - 15 poisoned darts
 n - 2 javelins
Armour
 b - a +0 robe (worn)
Scrolls
 d - a scroll of blinking
 h - a scroll of teleportation
 i - a scroll of torment {unknown}
Potions
 c - a potion of brilliance
 m - a potion of flight {unknown}


   Skills:
 + Level 4.1 Fighting
 + Level 2.7 Maces & Flails
 - Level 1.0 Throwing
 - Level 2.1 Dodging
 - Level 2.4 Spellcasting
 - Level 2.6 Translocations


You had 6 spell levels left.
You didn't know any spells.
Your spell library contained the following spells:

 Spells                   Type           Power      Damage    Failure   Level
 Blink                    Tloc           N/A        N/A       12%         2
 Gell's Gravitas          Tloc           6%         N/A       24%         3
 Lesser Beckoning         Tloc           6%         N/A       24%         3
 Teleport Other           Tloc           12%        N/A       24%         3
 Manifold Assault         Tloc           12%        N/A       92%         5


Dungeon Overview and Level Annotations

Branches:
Dungeon (2/15)

Altars:

Annotations:
D:2 Sigmund


Innate Abilities, Weirdness & Mutations

You are too large for most types of armour.
You have tough skin. (AC +1)


Message History

You puncture the ball python!
You kill the ball python!
You feel a bit more experienced.
You puncture the hobgoblin!
You kill the hobgoblin!
Things that are here:
a hobgoblin corpse; a ball python corpse You hear some strange, mumbled words.
You are confused.
You bump into the rock wall.
You hear some strange, mumbled words.
You are more confused.
Something hits you. Something hits you!
A frilled lizard comes into view.
Things that are here:
a hobgoblin corpse; a ball python corpse Something hits you!
Okay, then.
You are too confused!
It was a potion of brilliance.
You feel clever all of a sudden. Something hits you.
It was a potion of ambrosia.
You are more confused.
You feel invigorated. Something completely misses you.
A kobold comes into view. It is wielding a +0 short sword.
The kobold shouts!
You hear an angry hiss.
Something hits you!
Things that are here:
a hobgoblin corpse; a ball python corpse Something hits you!
* * * LOW HITPOINT WARNING * * *
You bump into the rock wall.
You feel less invigorated. Something hits you.
* * * LOW HITPOINT WARNING * * *
It was a potion of degeneration.
There was something very wrong with that liquid.
You feel weakened.
You feel dopey.
You feel clumsy. Something hits you!
You die...

### #.# #># ####...
#.# #.# .. .#...##
#.# #.# #..# ..#..
#.# #.. #....#...#
#.# ### ..{..K...#
#.# #.### #..# #.#
#...# #..#### #.#
###.# #....@###.##
#.# ##.###†##...#
#.# #..# #.##...#
#.#
.######.####.##...##
#.#
#..................#
#.#
.######............#
#.# ######.####..#
#.# #.# #..# ##.##
#.# #..####...###


There were no monsters in sight!

Vanquished Creatures
  4 ball pythons
  3 endoplasms
  A giant cockroach (D:1)
  6 goblins (D:1)
  6 hobgoblins
  A jackal (D:2)
  2 kobolds (D:1)
  2 quokkas
  2 bats (D:1)
  6 frilled lizards
  2 rats (D:1)
  A toadstool (D:1)
36 creatures vanquished.

Vanquished Creatures (others)
  3 toadstools (D:1)
3 creatures vanquished.

Grand Total: 39 creatures vanquished

Notes
Turn   | Place    | Note
-------+----------+-------------------------------------------
     0 | D:1      | Shayle the Ogre Warper began the quest for the Orb.
     0 | D:1      | Reached XP level 1. HP: 22/22 MP: 3/3
    79 | D:1      | Reached skill level 3 in Fighting
   344 | D:1      | Reached XP level 2. HP: 28/31 MP: 5/5
   692 | D:1      | Reached XP level 3. HP: 39/39 MP: 6/6
  1207 | D:2      | Reached skill level 4 in Fighting
  1244 | D:2      | Noticed Sigmund
  1265 | D:2      | Mangled by Sigmund

Illustrated notes

Levels and vault maps discovered:
D:1:      ldierk_water_garden, layout_rooms
D:2:      layout_loops_ring, shapermc_ecumenical_altar_hornbeckon, uniq_sigmund,
          uniq_crazy_yiuf_cottage

Skill      XL: |  1  2  3 |
---------------+----------+-----
Fighting       | 3 4 |  4.1
Maces & Flails | 2 |  2.7
Throwing       | |  1.0
Dodging        | |  2.1
Spellcasting   | |  2.4
Translocations | |  2.6

Action                   || total
-------------------------++-------
Melee: Mace              ||    68
       Rapier            ||    42
  Use: Scroll            ||     1
       Potion            ||     3
Armor: Robe              ||    42
Dodge: Dodged            ||    70

Table legend: (Time is in decaauts)
 A = Elapsed time spent in this place.
 B = Non-inter-level travel time spent in this place.
 C = Inter-level travel time spent in this place.
 D = Time resting spent in this place.
 E = Time spent auto-exploring this place.
 F = Levels seen in this place.
 G = Mean time per level.
                   A        B        C        D        E       F      G
               +--------+--------+--------+--------+--------+-----+--------+
         Total |   1293 |   1286 |      7 |    461 |    481 |   2 |  646.5 |
       Dungeon |   1293 |   1286 |      7 |    461 |    481 |   2 |  646.5 |
               +--------+--------+--------+--------+--------+-----+--------+

Top non-repeatable levels by time:
     D:1: 1119 daAuts
     D:2: 174 daAuts
